 Dungeon Crawl Stone Soup version 0.28.0-62-gf88900778d (webtiles) character file.

Game seed: 7165620181867359485

27805 cbfl8 the Severer (level 13, -15/104 HPs)
             Began as a Minotaur Fighter on Apr 10, 2024.
             Was an Elder of Hepliaklqana.
             Demolished by an orc knight
             ... wielding a +0 bardiche
              (21 damage)
             ... on level 13 of the Dungeon on Apr 11, 2024.
             The game lasted 00:23:49 (13845 turns).

cbfl8 the Severer (Minotaur Fighter)               Turns: 13845, Time: 00:23:50

Health: -15/104    AC: 18    Str: 26    XL:     13   Next: 6%
Magic:  12/12      EV: 10    Int:  5    God:    Hepliaklqana [****..]
Gold:   611        SH:  6    Dex: 15    Spells: 12/12 levels left

rFire   . . .      SeeInvis .   a - +0 war axe
rCold   . . .      Faith    .   c - +0 buckler
rNeg    . . .      Spirit   .   w - +1 chain mail of Makhleb's Regard {Rampage rPois Str+5 Stlth-}
rPois   +          Reflect  .   u - +1 hat
rElec   .          Harm     .   (no cloak)
rCorr   .          Rampage  +   L - +1 pair of gloves
Will    .....                   I - +0 pair of boots
Stlth   ..........              i - amulet of regeneration
HPRegen 1.07/turn               z - +4 ring of slaying
MPRegen 0.13/turn               l - ring of poison resistance

@: studying 3 skills
A: reduced essence, horns 2, retaliatory headbutt
a: Renounce Religion, Recall Ancestor, Ancestor Identity, Transference, Idealise


You were on level 13 of the Dungeon.
You worshipped Hepliaklqana.
Hepliaklqana was greatly pleased with you.
You visited 2 branches of the dungeon, and saw 15 of its levels.

You collected 832 gold pieces.
You spent 221 gold pieces at shops.

Inventory:

Hand Weapons
 a - a +0 war axe (weapon)
Missiles
 x - 2 throwing nets
Armour
 c - a +0 buckler (worn)
 u - a +1 hat (worn)
 w - the +1 chain mail of Makhleb's Regard (worn) {Rampage rPois Str+5 Stlth-}
   (You found it on level 5 of the Dungeon)

   Str:       It affects your strength (+5).
   rPois:     It protects you from poison.
   Rampage:   It bestows one free step when moving towards enemies.
   Stlth:     It makes you less stealthy.
 I - a +0 pair of boots (worn)
 L - a +1 pair of gloves (worn)
Jewellery
 i - an amulet of regeneration (around neck)
 l - a ring of poison resistance (right hand)
 v - a ring of flight
 z - a +4 ring of slaying (left hand)
Wands
 d - a wand of mindburst (8) (quivered)
 h - a wand of polymorph (2)
 m - a wand of digging (4)
 n - a wand of paralysis (5)
 o - a wand of flame (15)
 A - a wand of acid (6)
Scrolls
 b - 3 scrolls of immolation
 f - 2 scrolls of magic mapping {unknown}
 g - 2 scrolls of summoning {unknown}
 q - 2 scrolls of silence
 y - 3 scrolls of fear
 B - a scroll of fog {unknown}
 C - a scroll of blinking
 E - a scroll of enchant weapon {unknown}
 F - a scroll of enchant armour {unknown}
 G - 2 scrolls of amnesia {unknown}
 H - a scroll of holy word {unknown}
 J - a scroll of noise {unknown}
Potions
 e - a potion of flight {unknown}
 j - 6 potions of curing
 k - a potion of heal wounds {unknown}
 p - a potion of resistance {unknown}
 r - a potion of might
 s - a potion of attraction {unknown}
 t - 3 potions of haste {unknown}
 M - a potion of mutation {unknown}
Miscellaneous
 D - a phial of floods
 K - a box of beasts


   Skills:
 + Level 11.4 Fighting
 + Level 15.9 Axes
 + Level 12.4 Armour
 + Level 4.6 Dodging
 + Level 8.1 Shields
 + Level 1.1 Unarmed Combat
 * Level 9.1 Evocations


You had 12 spell levels left.
You didn't know any spells.
Your spell library contained the following spells:

 Spells                   Type           Power      Damage    Failure   Level
 Beastly Appendage        Tmut           0%         N/A       96%         1
 Summon Small Mammal      Summ           0%         N/A       96%         1
 Ensorcelled Hibernation  Hex/Ice        0%         N/A       99%         2
 Passwall                 Tmut/Erth      0%         N/A       99%         2
 Static Discharge         Conj/Air       0%         N/A       99%         2
 Wereblood                Tmut           0%         N/A       99%         2
 Call Canine Familiar     Summ           0%         N/A       100%        3
 Gell's Gravitas          Tloc           0%         N/A       100%        3
 Spider Form              Tmut/Pois      0%         N/A       100%        3
 Summon Guardian Golem    Hex/Summ       0%         N/A       100%        3
 Swiftness                Air            0%         N/A       100%        3
 Teleport Other           Tloc           0%         N/A       100%        3
 Fulminant Prism          Conj/Hex       0%         3d6       100%        4
 Iskenderun's Mystic Bla  Conj/Tloc      0%         2d3       100%        4
 Blade Hands              Tmut           0%         N/A       100%        5
 Irradiate                Conj/Tmut      0%         3d13      100%        5
 Lee's Rapid Deconstruct  Erth           0%         3d5*      100%        5
 Lightning Bolt           Conj/Air       0%         1d11      100%        5
 Dispersal                Tloc           0%         N/A       100%        6
 Dragon Form              Tmut           0%         N/A       100%        7
 Disjunction              Tloc           0%         N/A       100%        8
 Maxwell's Capacitive Co  Air            0%         ∞         100%        8


Dungeon Overview and Level Annotations

Branches:
Dungeon (15/15) Temple (1/1) D:4 Lair (0/6) D:11 Orc (0/2) D:9 Vaults (0/5) D:12 D:13 Depths: D:15

Altars:
Ashenzari
Dithmenos
Fedhas
Gozag
Hepliaklqana
Nemelex Xobeh
Okawaru
Qazlal
Ru
Trog
Uskayaw
Vehumet
Wu Jian
Xom
Zin

Shops:
D:6 ?   D:10 *

Annotations:
D:13 Rupert


Innate Abilities, Weirdness & Mutations

Your life essence is reduced to manifest your ancestor. (-10% HP)
You have a pair of horns on your head.
You reflexively headbutt those who attack you in melee.


Message History

Aiming: Mindburst
Press: ? - help, Q - select action, (/) - cycle Shift-Dir - straight line, f - orc knight
Aim: an orc knight, wielding a +0 bardiche and wearing a +0 chain mail (moderately wounded, ally target, chance to affect: 77%)
The orc knight barely resists.
You block the sun demon's attack.
The kobold demonologist hits you but does no damage.
Valentine hits the sun demon with a +0 flail!
The orc knight hits you with a +0 bardiche!!
You block the sun demon's attack.
Aiming: Mindburst
Press: ? - help, Q - select action, (/) - cycle Shift-Dir - straight line, f/p - orc knight
Aim: an orc knight, wielding a +0 bardiche and wearing a +0 chain mail (moderately wounded, ally target, chance to affect: 77%)
The orc knight's mind is blasted!!
The kobold demonologist looks braver for a moment.
The orc knight hits you with a +0 bardiche.
Valentine hits the sun demon with a +0 flail.
The sun demon hits you.
You are engulfed in flames!
Aiming: Mindburst
Press: ? - help, Q - select action, (/) - cycle Shift-Dir - straight line, f/p - orc knight
Aim: an orc knight, wielding a +0 bardiche and wearing a +0 chain mail (severely wounded, ally target, chance to affect: 77%)
The orc knight's mind is blasted!
The kobold demonologist gestures wildly while chanting.
The orc knight hits you with a +0 bardiche!
* * * LOW HITPOINT WARNING * * *
Valentine hits the sun demon with a +0 flail!
The sun demon barely misses you.
Unknown command.
Aiming: Mindburst
Press: ? - help, Q - select action, (/) - cycle Shift-Dir - straight line, f/p - orc knight
Aim: an orc knight, wielding a +0 bardiche and wearing a +0 chain mail (almost dead, ally target, chance to affect: 77%)
The orc knight barely resists.
The sun demon hits you.
* * * LOW HITPOINT WARNING * * *
You are engulfed in flames!!
* * * LOW HITPOINT WARNING * * *
The kobold demonologist barely misses you.
You furiously retaliate!
You headbutt the kobold demonologist!
Valentine hits the sun demon with a +0 flail.
The orc knight hits you with a +0 bardiche!!
You die...

#.......# #.#
#.......# #.# .
##..†.### #.# ...#
##†...# ...
....########..####
#.#
..............#
.............##
..#.....3....#
.......(@R...#
#.#....o3K...#
.......<>....#
#.#....∩<....#
#.........$#
#..........# ####
#..........# ...#
$............#
##.#
#.............#


You could see the friendly Valentine the knight, an orc knight (ally target), a
sun demon (summoned), a kobold demonologist and a smoke demon (summoned).

Vanquished Creatures
  Nessos (D:13)
  2 hydras
  4 boulder beetles
  3 centaur warriors
  2 tengu warriors (D:14)
  3 two-headed ogres
  3 ugly things
  2 cyclopes
  A deep elf pyromancer (D:12)
  5 manticores
  An efreet (D:14)
  A tengu conjurer (D:13)
  A troll (D:12)
  3 meliai (D:13)
  A merfolk (D:8)
  A spriggan (D:9)
  11 yaks
  A water elemental (D:12)
  13 humans (D:13)
  2 wraiths
  Eustachio (D:5)
  4 wyverns (D:8)
  A steam dragon (D:8)
  2 vampire mosquitoes
  An acid dragon (D:13)
  4 water moccasins (D:11)
  11 orc warriors
  12 black bears
  A necrophage (D:5)
  2 ogres
  4 centaurs
  6 kobold brigands
  A scorpion (D:4)
  9 bullfrogs
  2 gnoll sergeants
  7 killer bees (D:10)
  A howler monkey (D:9)
  2 wights (D:9)
  5 electric eels (D:8)
  A bullfrog zombie (D:6)
  2 centaur zombies (D:9)
  A jelly (D:6)
  3 gnoll shamans (D:8)
  A hound (D:6)
  5 orc priests
  A bullfrog skeleton (D:6)
  A scorpion zombie (D:5)
  Ijyb (D:3)
  2 iguanas
  6 orc wizards
  2 hound skeletons
  A howler monkey zombie (D:8)
  6 adders
  6 gnolls
  A white imp (D:5)
  3 adder skeletons (D:4)
  2 dart slugs (D:1)
  21 orcs
  6 endoplasms
  4 giant cockroaches
  6 goblins
  11 hobgoblins
  5 jackals
  A quokka (D:5)
  5 ball pythons
  5 bats
  6 frilled lizards
  30 kobolds
  2 rats
284 creatures vanquished.

Vanquished Creatures (collateral kills)
  A two-headed ogre (D:10)
  A manticore (D:13)
  A wyvern (D:10)
  A basilisk (D:10)
  3 yaks
  A water moccasin (D:9)
  An orc warrior (D:10)
  A kobold brigand (D:9)
  A bullfrog (D:11)
  2 killer bees (D:10)
  A wight (D:9)
  An orc priest (D:10)
  2 gnolls (D:10)
  2 orcs (D:10)
  5 kobolds (D:9)
24 creatures vanquished.

Vanquished Creatures (others)
  4 knights
  2 kobolds (D:9)
  30 fungi (D:11)
  119 plants
  4 toadstools (D:1)
159 creatures vanquished.

Grand Total: 467 creatures vanquished

Notes
Turn   | Place    | Note
-------+----------+-------------------------------------------
     0 | D:1      | cbfl8 the Minotaur Fighter began the quest for the Orb.
     0 | D:1      | Reached XP level 1. HP: 19/19 MP: 0/0
   232 | D:1      | Reached XP level 2. HP: 27/27 MP: 1/1
   504 | D:1      | Found a faded altar of an unknown god.
   818 | D:1      | Reached skill level 1 in Evocations
   818 | D:1      | Reached XP level 3. HP: 17/33 MP: 2/2
  1050 | D:2      | Reached skill level 3 in Axes
  1288 | D:2      | Reached XP level 4. HP: 34/40 MP: 3/3
  2399 | D:3      | Noticed Ijyb
  2418 | D:3      | HP: 2/40 [Ijyb/+0 dagger (4)]
  2419 | D:3      | Killed Ijyb
  2420 | D:3      | Reached skill level 4 in Axes
  2420 | D:3      | Reached XP level 5. HP: 4/46 MP: 4/4
  3043 | D:4      | Reached skill level 5 in Armour
  3346 | D:4      | Found a shimmering altar of Xom.
  3350 | D:4      | Found a sacrificial altar of Ru.
  3378 | D:4      | Found an iron altar of Okawaru.
  3440 | D:4      | Noticed an ogre
  3448 | D:4      | Killed an ogre
  3449 | D:4      | Reached XP level 6. HP: 52/53 MP: 5/5
  3688 | D:4      | Found a radiant altar of Vehumet.
  4101 | D:4      | Found a staircase to the Ecumenical Temple.
  4146 | Temple   | Entered the Ecumenical Temple
  4186 | Temple   | Became a worshipper of Hepliaklqana the Forgotten
  4237 | D:5      | Entered Level 5 of the Dungeon
  4243 | D:5      | Reached skill level 5 in Axes
  4318 | D:5      | Noticed Eustachio
  4361 | D:5      | Killed Eustachio
  4362 | D:5      | Reached XP level 7. HP: 56/60 MP: 6/6
  4471 | D:5      | Found a sparkling altar of Nemelex Xobeh.
  4488 | D:5      | Identified the +1 chain mail of Makhleb's Regard {Rampage
                  | rPois Str+5 Stlth-}
  4607 | D:5      | Reached skill level 5 in Fighting
  4607 | D:5      | Reached skill level 6 in Axes
  4887 | D:6      | Reached skill level 7 in Axes
  4923 | D:6      | Found Iwki's Magic Scroll Shop.
  4926 | D:6      | Reached * piety under Hepliaklqana
  4943 | D:6      | Found an ornate altar of the Wu Jian Council.
  4954 | D:6      | Reached XP level 8. HP: 52/62 MP: 7/7
  4997 | D:6      | You fall into a shaft and drop 2 floors!
  5142 | D:8      | Reached skill level 5 in Shields
  5160 | D:8      | Reached skill level 8 in Axes
  5447 | D:8      | Reached skill level 9 in Axes
  5447 | D:8      | Reached XP level 9. HP: 37/69 MP: 8/8
  5793 | D:8      | Noticed a merfolk
  5801 | D:8      | Killed a merfolk
  5802 | D:8      | Reached skill level 5 in Evocations
  5948 | D:8      | Reached skill level 10 in Axes
  6123 | D:8      | Found a broken altar of Ashenzari.
  6369 | D:8      | Reached XP level 10. HP: 32/77 MP: 9/9
  6572 | D:8      | Noticed a manticore
  6583 | D:8      | Killed a manticore
  6584 | D:8      | Reached skill level 11 in Axes
  6833 | D:8      | Reached ** piety under Hepliaklqana
  6835 | D:8      | Remembered your ancestor Valentine as a knight
  7700 | D:9      | Noticed a two-headed ogre
  7707 | D:9      | Killed a two-headed ogre
  7746 | D:9      | Reached skill level 12 in Axes
  7978 | D:9      | Found a staircase to the Orcish Mines.
  8003 | D:9      | Reached skill level 10 in Armour
  8260 | D:9      | Reached skill level 1 in Dodging
  8672 | D:10     | Entered Level 10 of the Dungeon
  8829 | D:10     | Reached XP level 11. HP: 85/85 MP: 10/10
  8976 | D:10     | Found Niozxutz's Assorted Antiques.
  8984 | D:10     | Bought a scroll of blinking for 195 gold pieces
  8984 | D:10     | Bought a scroll labelled WOHIS UCYOSIR for 26 gold pieces
  9099 | D:10     | Noticed a two-headed ogre
  9105 | D:10     | Killed a two-headed ogre
  9173 | D:10     | Reached *** piety under Hepliaklqana
  9180 | D:10     | Noticed a centaur warrior
  9186 | D:10     | Killed a centaur warrior
  9187 | D:10     | Reached skill level 13 in Axes
  9648 | D:11     | Noticed a boulder beetle
  9760 | D:11     | Noticed a centaur warrior
  9770 | D:11     | Killed a centaur warrior
  9855 | D:11     | Noticed a two-headed ogre
  9977 | D:12     | Killed a two-headed ogre
 10308 | D:11     | Noticed a boulder beetle
 10322 | D:11     | Killed a boulder beetle
 10323 | D:11     | Reached skill level 14 in Axes
 10564 | D:11     | Found a staircase to the Lair.
 10606 | D:11     | Killed a boulder beetle
 10607 | D:11     | Reached skill level 10 in Fighting
 10607 | D:11     | Reached XP level 12. HP: 36/95 MP: 11/11
 11087 | D:12     | Noticed a two-headed ogre
 11098 | D:12     | Killed a two-headed ogre
 11238 | D:12     | Noticed a four-headed hydra
 11791 | D:12     | Killed a nine-headed hydra
 11820 | D:13     | Noticed Rupert
 11820 | D:13     | Noticed Nessos
 11820 | D:13     | Found a gate to the Vaults.
 11979 | D:13     | Reached **** piety under Hepliaklqana
 12051 | D:13     | Noticed a boulder beetle
 12070 | D:13     | Killed a boulder beetle
 12105 | D:13     | Paralysed by Rupert for 7 turns
 12387 | D:13     | Noticed a five-headed hydra
 12394 | D:13     | Killed a ten-headed hydra
 12395 | D:13     | Reached skill level 15 in Axes
 12468 | D:13     | Noticed a centaur warrior
 12470 | D:13     | Noticed a boulder beetle
 12481 | D:13     | Killed a centaur warrior
 12586 | D:13     | Killed a boulder beetle
 12825 | D:13     | Noticed a tengu warrior
 12825 | D:13     | Noticed a tengu warrior
 13056 | D:14     | Noticed a tengu warrior
 13057 | D:14     | Noticed a tengu warrior
 13065 | D:14     | Killed a tengu warrior
 13069 | D:14     | Killed a tengu warrior
 13396 | D:15     | Entered Level 15 of the Dungeon
 13782 | D:13     | Killed Nessos
 13796 | D:13     | Reached XP level 13. HP: 102/104 MP: 12/12
 13818 | D:13     | Reached skill level 1 in Unarmed Combat
 13845 | D:13     | Demolished by an orc knight

Illustrated notes

Levels and vault maps discovered:
D:1:      ldierk_water_garden, layout_basic, basic_ecumenical_altar,
          chequers_serial_rivers_marsh
D:2:      layout_basic
D:3:      layout_loops_corners, uniq_ijyb
D:4:      layout_layer_cave, nicolae_vehumet_radiance,
          nicolae_overflow_hidden_temple, minmay_temple_entry_enclosed_plants
D:5:      layout_rooms, old_standard_altar, uniq_eustachio
D:6:      layout_gridville, mainiacjoe_overflow_cross_hatched, serial_shops,
          nicolae_shop_waterfront, chequers_decorated_corner
D:8:      kennysheep_town, serial_shops
D:9:      kennysheep_kobold_camp, layout_stronghold, orc_0_dummy, the_hattery
D:10:     kennysheep_big_flooded_room, layout_cave_pools, serial_shops,
          nicolae_square_shop, minmay_misc_feat_tiny
D:11:     layout_basic, due_lair_maze_entry_diamond,
          hangedman_abyss_or_decor_passed
D:12:     layout_basic
D:13:     layout_loops_corners, david_vaults_3
D:14:     layout_irregular_city, pdpol_wu_jian_five_deadly_venoms,
          corexii_corridor_pit, nemelex_lonely_heart_becter
D:15:     hangedman_depths_entry_civil_slaughter, layout_small_grid,
          special_room [special_room_bee], minmay_misc_feat_encased,
          minmay_checkerbox
Temple:   regret_index_temple_sphere_string

Skill      XL: |  1  2  3  4  5  6  7  8  9 10 11 12 13 |
---------------+----------------------------------------+-----
Armour         | 4 5 6 7 8 10 11 12 | 12.4
Evocations     | 1 2 3 4 5 6 7 9 |  9.1
Fighting       | 4 5 6 7 8 10 11 | 11.4
Axes           | 3 4 5 7 9 10 12 14 15 | 15.9
Shields        | 4 5 6 7 8 |  8.1
Dodging        | 1 2 4 |  4.6
Unarmed Combat | 1 |  1.1

Action                   |  1- 3 |  4- 6 |  7- 9 | 10-12 | 13-15 || total
-------------------------+-------+-------+-------+-------+-------++-------
Melee: War axe           |    66 |   150 |   225 |   426 |    15 ||   882
       Headbutt          |     5 |    25 |    49 |   115 |     1 ||   195
       Unarmed           |       |       |       |     6 |       ||     6
Invok: Recall Ancestor   |       |       |       |     1 |       ||     1
       Ancestor Life: Kn |       |       |       |     1 |       ||     1
       Ancestor Identity |       |       |       |     1 |       ||     1
Evoke: Wand              |       |       |    13 |    15 |     4 ||    32
  Use: Scroll            |       |       |     6 |     9 |       ||    15
       Potion            |       |       |     1 |       |       ||     1
 Stab: Paralysed         |       |       |     7 |    24 |       ||    31
       Distracted        |       |       |       |     1 |       ||     1
Armor: Scale mail        |    31 |    79 |     7 |       |       ||   117
       Chain mail        |       |       |   101 |   202 |     7 ||   310
Dodge: Dodged            |    23 |    82 |    94 |   145 |     6 ||   350
Block: Buckler           |    13 |    48 |    63 |   108 |     4 ||   236
